Map: [ESL] Hecate

Players

Solar

  • Race: Zerg Zerg
  • Spawn Location: 7:00

HeroMarine - Winner!

  • Race: Terran Terran
  • Spawn Location: 1:00

Event: ESL SC2 Masters 2023 Winter (Finals)

VOD

Have the link to the VOD?

Description

Time

  • Played on: Dec. 16, 2023, 12:22 p.m.
  • Length: 10:07

All games in this series

Show
View Real Time Build Order
Export as new Build Order

Solar Zerg 

Build Orders: Hatch First 

Get SALT Encoding   

  12  0:00  Drone  
  13  0:12  Overlord  
  13  0:17  Drone  
  14  0:30  Drone  
  14  0:31  Drone  
  16  0:48  Hatchery  
  15  0:51  Drone  
  15  0:54  Drone  
  17  0:57  Drone  
  18  1:08  Extractor  
  17  1:13  Spawning Pool  
  17  1:16  Drone  
  17  1:19  Drone  
  18  1:27  Drone  
  19  1:38  Drone  
  20  1:49  Drone  
  21  2:00  Queen x2  
  26  2:01  Zergling x4  
  27  2:10  Overlord  
  27  2:11  Drone  
  28  2:25  Drone, Hatchery  
  28  2:29  Drone  
  29  2:36  Queen  
  30  2:37  Drone  
  30  2:42  Metabolic Boost  
  31  2:47  Overlord  
  31  2:50  Drone  
  32  2:52  Drone  
  32  2:55  Drone x2  
  35  3:05  Drone x2  
  37  3:12  Drone x3  
  40  3:15  Queen  
  40  3:17  Overlord  
  42  3:20  Drone  
  43  3:32  Overlord  
  43  3:34  Queen  
  43  3:38  Queen  
  43  3:40  Drone x3  
  43  3:41  Drone  
  51  3:43  Drone  
  51  3:47  Drone x3  
  55  3:52  Overlord  
  55  3:53  Drone  
  56  3:58  Drone x3  
  56  3:59  Drone  
  59  4:03  Overlord  
  59  4:04  Drone  
  60  4:10  Drone x2  
  60  4:12  Overlord  
  60  4:14  Queen  
  64  4:17  Queen  
  64  4:20  Drone x3  
  69  4:25  Overlord  
  69  4:26  Zergling x4  
  69  4:30  Lair  
  71  4:34  Extractor x2  
  71  4:37  Spore Crawler, Roach Warren  
  71  4:38  Drone  
  68  4:39  Spore Crawler  
  68  4:42  Spore Crawler  
  68  4:43  Drone  
  68  4:45  Zergling x4  
  69  4:47  Zergling x4  
  69  4:49  Drone  
  69  4:50  Drone  
  73  4:55  Pneumatized Carapace  
  73  4:57  Drone x2  
  76  5:00  Drone x3  
  76  5:02  Extractor  
  76  5:04  Overlord  
  76  5:06  Zergling x8  
  81  5:09  Overlord  
  81  5:11  Overlord  
  81  5:14  Overlord  
  79  5:29  Roach x8  
  79  5:35  Roach  
  96  5:37  Roach  
  98  5:47  Overseer  
  94  5:52  Zergling x16  
  94  5:54  Overlord  
  96  6:02  Zergling x6  
  93  6:05  Queen x2  
  93  6:10  Ravager  
  98  6:11  Zergling x2  
  98  6:12  Zergling x10  
  98  6:14  Ravager  
  105  6:18  Zergling x2  
  105  6:19  Zergling x4  
  101  6:26  Roach x3  
  100  6:33  Roach x3  
  100  6:39  Roach x2  
  105  6:47  Drone x3  
  103  6:48  Drone, Queen  
  105  7:03  Roach x3  
  105  7:07  Queen  
  105  7:08  Queen  
  96  7:10  Roach x2  
  96  7:11  Roach  
  99  7:20  Drone x5  
  99  7:21  Drone x2  
  99  7:22  Drone x2  
  93  7:27  Queen  
  86  7:31  Roach  
  86  7:34  Roach x2  
  92  7:38  Extractor  
  92  7:43  Overlord  
  92  7:44  Roach x2  
  95  7:47  Queen x2  
  99  7:53  Roach x2  
  99  7:54  Roach x3, Ravager x4  
  99  7:55  Overlord, Ravager  
  99  7:56  Overlord  
  114  8:00  Roach  
  114  8:01  Roach  
  114  8:03  Zergling x4  
  120  8:07  Queen  
  120  8:09  Overlord, Ravager  
  123  8:14  Roach x2  
  123  8:18  Roach x2  
  123  8:19  Roach  
  133  8:24  Glial Reconstitution  
  133  8:32  Zergling x16  
  139  8:36  Zergling x2  
  139  8:37  Zergling x4  
  139  8:40  Ravager  
  143  8:43  Roach x2  
  143  8:47  Ravager x2  
  143  8:48  Overlord  
  149  8:49  Overlord  
  149  8:52  Roach  
  149  8:55  Overlord  
  151  8:59  Roach  
  151  9:01  Overlord  
  151  9:02  Overlord  
  153  9:05  Ravager x2  
  153  9:08  Roach x2  
  157  9:10  Roach x2  
  157  9:13  Zergling x4  
  157  9:16  Roach x3  
  169  9:28  Roach  
  169  9:29  Roach x4  
  177  9:36  Overlord  
  177  9:37  Ravager  
  178  9:39  Zergling x2  
  178  9:41  Overlord  
  177  9:47  Zergling x2  
Show
View Real Time Build Order
Export as new Build Order

HeroMarine Terran - Winner!

Build Orders: Reaper Expand, Hellion Banshee 

Get SALT Encoding   

  12  0:00  SCV  
  13  0:12  SCV  
  14  0:17  Supply Depot  
  14  0:24  SCV  
  15  0:39  SCV  
  15  0:40  Barracks  
  15  0:42  Refinery  
  16  0:51  SCV  
  17  1:03  SCV  
  18  1:15  SCV  
  19  1:27  Orbital Command, Reaper  
  20  1:38  Command Center  
  20  1:46  Supply Depot  
  20  1:52  SCV  
  21  1:59  Marine  
  22  2:04  SCV  
  23  2:08  Factory  
  23  2:17  SCV  
  23  2:19  Barracks Reactor  
  24  2:29  SCV  
  25  2:40  Command Center  
  25  2:41  SCV  
  26  2:51  Orbital Command  
  26  2:53  SCV  
  27  2:59  Starport  
  27  3:05  SCV  
  28  3:06  Refinery  
  28  3:08  Hellion  
  28  3:12  Hellion  
  32  3:17  Barracks Tech Lab, SCV  
  32  3:19  SCV  
  34  3:29  SCV  
  34  3:30  Hellion  
  34  3:31  SCV  
  34  3:33  Hellion  
  40  3:41  SCV  
  40  3:42  Banshee  
  40  3:43  SCV  
  45  3:52  Hellion  
  45  3:53  Orbital Command  
  45  3:55  Hellion, Cloaking Field  
  49  3:57  SCV  
  49  4:00  SCV  
  51  4:06  Supply Depot  
  51  4:09  SCV  
  52  4:12  SCV  
  52  4:14  Hellion  
  52  4:16  Hellion, Marine  
  58  4:23  SCV x2  
  58  4:24  SCV  
  61  4:27  Banshee  
  61  4:28  Supply Depot  
  64  4:35  Supply Depot, SCV x2  
  64  4:36  SCV  
  67  4:41  Barracks Reactor, Factory  
  67  4:43  Hellion  
  69  4:50  Hellion, SCV x3  
  69  4:51  Supply Depot  
  74  4:55  Refinery  
  74  4:58  Supply Depot, Refinery  
  74  5:01  Hyperflight Rotors  
  74  5:02  SCV x2  
  74  5:03  Orbital Command  
  76  5:07  Hellion  
  76  5:10  Banshee  
  76  5:11  Hellion  
  76  5:14  SCV x2  
  83  5:26  SCV x2  
  85  5:30  SCV  
  85  5:32  Supply Depot  
  85  5:34  Cyclone x2  
  90  5:38  SCV x2  
  90  5:42  SCV  
  93  5:43  Supply Depot  
  93  5:50  SCV x2  
  93  5:51  Cyclone x2  
  93  5:54  SCV  
  96  6:02  SCV x2  
  92  6:06  Cyclone x2  
  92  6:07  SCV  
  92  6:10  Banshee  
  100  6:14  SCV x2  
  100  6:16  Factory  
  100  6:18  Supply Depot  
  102  6:19  SCV  
  102  6:23  Cyclone  
  101  6:26  SCV x2  
  101  6:29  Cyclone  
  101  6:31  SCV  
  102  6:38  Cyclone x2, SCV x2  
  103  6:43  SCV  
  104  6:50  SCV x2  
  104  6:54  Refinery  
  104  6:55  Cyclone, SCV, Refinery  
  103  7:02  Cyclone  
  103  7:03  SCV x2  
  103  7:07  SCV  
  89  7:10  Cyclone x2  
  89  7:15  SCV x2  
  85  7:19  SCV  
  85  7:21  Factory Tech Lab  
  84  7:27  Cyclone, SCV x2  
  88  7:31  SCV  
  88  7:34  Cyclone  
  91  7:39  Hurricane Engines, SCV x2  
  91  7:42  Cyclone  
  91  7:43  Cyclone, SCV  
  100  7:51  SCV x2  
  100  7:52  Command Center  
  100  7:53  Banshee  
  100  7:55  SCV  
  100  7:56  Refinery  
  104  7:58  Armory  
  104  7:59  Cyclone  
  104  8:00  Armory  
  104  8:03  SCV x2  
  108  8:06  Cyclone  
  108  8:08  SCV  
  111  8:15  SCV x2  
  111  8:17  Factory  
  111  8:18  Factory  
  111  8:19  Supply Depot  
  113  8:20  SCV  
  113  8:21  Supply Depot  
  113  8:23  Cyclone x2  
  113  8:24  Cyclone  
  120  8:27  SCV x2  
  120  8:32  SCV  
  123  8:37  Cyclone  
  123  8:40  Banshee  
  123  8:41  Cyclone, SCV x2  
  132  8:44  SCV  
  133  8:48  Supply Depot  
  133  8:49  Supply Depot  
  133  8:53  SCV x2  
  133  8:55  Cyclone x2  
  139  8:56  SCV  
  139  9:00  Cyclone  
  142  9:06  Cyclone x2  
  142  9:09  Cyclone, SCV x2  
  149  9:10  SCV  
  149  9:13  Cyclone  
  151  9:27  Cyclone x2  
  158  9:32  Cyclone  
  158  9:33  Engineering Bay  
  158  9:35  SCV  
  158  9:37  SCV x2  
  164  9:57  Refinery  
Tags
 
Add a new tag
Caveats
  • Supply blocks, unpowered buildings, or Contaminate may cause inaccurate times.
  • Supply counts are checked every 10 seconds.